[Event "Titled Tuesday Blitz May 30 Late 2023"]
[White "Bortnyk, Olexandr"]
[Black "Kamsky, Gata"]
[WhiteFideId "14120828"]
[BlackFideId "2000024"]
[WhiteElo "2734"]
[BlackElo "2660"]
[Result "1-0"]
[Round "08"]
[TimeControl "180+2"]
[Date "2023.05.31"]
[WhiteClock "0:00:34"]
[BlackClock "0:00:04"]

1. e4 c6 2. c4 d5 3. cxd5 cxd5 4. exd5 Nf6 5. Qa4+ Nbd7 6. Nc3 g6 7. Bc4 Bg7 8. d3 O-O 9. Nf3 a6 10. Qa3 Nb6 11. Qb3 Bg4 12. Ne5 Nbd7 13. Nxg4 Nxg4 14. a4 Nc5 15. Qd1 h5 16. h3 Nh6 17. Bxh6 Bxh6 18. O-O Bg7 19. Re1 Rc8 20. a5 Nd7 21. Qb3 Rc7 22. d6 exd6 23. Nd5 Nc5 24. Qb4 Rd7 25. Rad1 Re8 26. d4 Ne6 27. Bb3 Nc7 28. Rxe8+ Qxe8 29. Nxc7 Rxc7 30. Qxd6 Rd7 31. Qxg6 Qe2 32. Rc1 Qe8 33. Qxh5 Rxd4 34. Qf5 Rd2 35. Rc8 Rd8 36. Bxf7+ 1-0


[Site "https://www.chess.com"]

[Event "Titled Tuesday Blitz May 30 Late 2023"]
[White "Ibarra Jerez, Jose Carlos"]
[Black "Pranav, V"]
[WhiteFideId "2226332"]
[BlackFideId "25060783"]
[WhiteElo "2638"]
[BlackElo "2515"]
[Result "0-1"]
[Round "08"]
[TimeControl "180+2"]
[Date "2023.05.31"]
[WhiteClock "0:00:32"]
[BlackClock "0:01:05"]

1. e4 e5 2. Nf3 Nc6 3. Nc3 Nf6 4. h3 g6 5. d4 exd4 6. Nxd4 Bg7 7. Nxc6 bxc6 8. Bd3 O-O 9. O-O d6 10. Bg5 h6 11. Be3 Re8 12. Qd2 Kh7 13. f4 d5 14. exd5 cxd5 15. Ne2 Qe7 16. Bf2 c5 17. b3 c4 18. bxc4 dxc4 19. Bxc4 Ne4 20. Qd5 Bxa1 21. Qxa8 Nxf2 22. Rxa1 Nxh3+ 23. Kh2 Nf2 24. Qf3 Ng4+ 25. Kg3 Qf6 0-1


[Site "https://www.chess.com"]

[Event "Titled Tuesday Blitz May 30 Late 2023"]
[White "Hakobyan, Aram"]
[Black "Durarbayli, Vasif"]
[WhiteFideId "13306677"]
[BlackFideId "13402935"]
[WhiteElo "2584"]
[BlackElo "2551"]
[Result "1-0"]
[Round "08"]
[TimeControl "180+2"]
[Date "2023.05.31"]
[WhiteClock "0:02:54"]
[BlackClock "0:02:02"]

1. d4 Nf6 2. c4 e6 3. Nc3 Bb4 4. e3 O-O 5. a3 Bxc3+ 6. bxc3 c5 7. Ne2 Nc6 8. Ng3 b6 9. e4 Ne8 10. d5 Na5 11. Bd3 Ba6 12. Qe2 Nd6 13. e5 Ndxc4 14. Nh5 Qh4 15. g3 Qh3 16. Nf4 Qh6 17. Nxe6 Qh3 18. Ng5 Qg2 19. Bxh7+ Kh8 20. Be4 1-0


[Site "https://www.chess.com"]

[Event "Titled Tuesday Blitz May 30 Late 2023"]
[White "Rustemov, Alexander"]
[Black "Henriquez Villagra, Cristobal"]
[WhiteFideId "4119002"]
[BlackFideId "3409350"]
[WhiteElo "2892"]
[BlackElo "2542"]
[Result "0-1"]
[Round "08"]
[TimeControl "180+2"]
[Date "2023.05.31"]
[WhiteClock "0:00:07"]
[BlackClock "0:00:42"]

1. d4 d6 2. Nf3 g6 3. c4 Bg7 4. g3 f5 5. Nc3 Nf6 6. Bg2 O-O 7. O-O Nc6 8. d5 Ne5 9. Nxe5 dxe5 10. Qb3 Kh8 11. Rd1 a6 12. c5 Qe8 13. Bd2 e4 14. Bf4 e5 15. dxe6 Qxe6 16. Qxe6 Bxe6 17. Bxc7 Rfc8 18. Bd6 Nd7 19. Na4 Bc4 20. Bf1 Bb5 21. Nb6 Nxb6 22. cxb6 Rc2 23. e3 Bxb2 24. Rab1 Kg8 25. Bc7 Bc6 26. Bc4+ Rxc4 27. Rxb2 a5 28. Rbd2 a4 29. a3 Rc3 30. Bd6 Rd8 31. h3 Kf7 32. Kg2 Rd3 33. Bb4 Ke6 34. g4 f4 35. h4 R8d7 36. Kh2 fxe3 37. fxe3 h5 38. gxh5 gxh5 39. Rxd3 exd3 40. Kg3 Ke5 41. Rf1 Rg7+ 42. Kh2 Rg2+ 43. Kh3 Re2 44. Bc5 Bg2+ 0-1


[Site "https://www.chess.com"]

[Event "Titled Tuesday Blitz May 30 Late 2023"]
[White "Tejedor Fuente, Enrique"]
[Black "Makarian, Rudik"]
[WhiteFideId "2299100"]
[BlackFideId "44105681"]
[WhiteElo "2496"]
[BlackElo "2461"]
[Result "0-1"]
[Round "08"]
[TimeControl "180+2"]
[Date "2023.05.31"]
[WhiteClock "0:00:06"]
[BlackClock "0:01:15"]

1. c4 e6 2. Nc3 d5 3. d4 Nf6 4. cxd5 exd5 5. Bg5 c6 6. e3 Be7 7. Bd3 h6 8. Bh4 O-O 9. Nge2 Re8 10. O-O Nbd7 11. Qc2 a5 12. f3 b5 13. e4 b4 14. Na4 dxe4 15. fxe4 Nxe4 16. Bxe4 Bxh4 17. Bxc6 Ba6 18. Bxa8 Qxa8 19. Nf4 Bxf1 20. Rxf1 Bg5 21. Nc5 Nf6 22. g3 Bxf4 23. gxf4 Qd5 24. Qd3 Ng4 25. Nb3 a4 26. Nd2 Qxa2 27. Nc4 a3 28. bxa3 Qxh2# 0-1


[Site "https://www.chess.com"]

[Event "Titled Tuesday Blitz May 30 Late 2023"]
[White "Maksimovic, Bojan"]
[Black "Naroditsky, Daniel"]
[WhiteFideId "14408120"]
[BlackFideId "2026961"]
[WhiteElo "2468"]
[BlackElo "2633"]
[Result "1/2-1/2"]
[Round "08"]
[TimeControl "180+2"]
[Date "2023.05.31"]
[WhiteClock "0:00:48"]
[BlackClock "0:01:09"]

1. Nf3 Nf6 2. g3 g6 3. Bg2 Bg7 4. O-O O-O 5. d3 d6 6. Nbd2 c5 7. e4 Bg4 8. h3 Bxf3 9. Nxf3 Nc6 10. Re1 Nd7 11. c3 b5 12. d4 b4 13. Be3 bxc3 14. bxc3 Qa5 15. e5 cxd4 16. cxd4 dxe5 17. dxe5 Rad8 18. e6 fxe6 19. Rc1 Nde5 20. Qb3 Qd5 21. Nxe5 Qxb3 22. axb3 Nxe5 23. Rc7 1/2-1/2


[Site "https://www.chess.com"]

[Event "Titled Tuesday Blitz May 30 Late 2023"]
[White "Moussard, Jules"]
[Black "Grigoriants, Sergey"]
[WhiteFideId "642908"]
[BlackFideId "4130804"]
[WhiteElo "2610"]
[BlackElo "2502"]
[Result "1-0"]
[Round "08"]
[TimeControl "180+2"]
[Date "2023.05.31"]
[WhiteClock "0:01:06"]
[BlackClock "0:00:10"]

1. e4 e5 2. Nf3 Nc6 3. Bc4 Bc5 4. O-O Nf6 5. d3 d6 6. c3 a6 7. a4 Ba7 8. Nbd2 O-O 9. h3 h6 10. Re1 Re8 11. b4 Be6 12. Bxe6 Rxe6 13. Qc2 Qd7 14. Rb1 b5 15. Ra1 Ree8 16. Nf1 d5 17. Ng3 d4 18. Bd2 dxc3 19. Bxc3 Rad8 20. Red1 Bb6 21. Nf5 g6 22. Nxh6+ Kg7 23. Qd2 bxa4 24. Nf5+ Kg8 25. Qh6 gxf5 26. Qxf6 Qe6 27. Qh4 fxe4 28. dxe4 Rxd1+ 29. Rxd1 Qg6 30. Nxe5 Qg7 31. Ng4 Qxc3 32. Nf6+ 1-0


[Site "https://www.chess.com"]

[Event "Titled Tuesday Blitz May 30 Late 2023"]
[White "Deac, Bogdan-Daniel"]
[Black "Hansen, Eric"]
[WhiteFideId "1226380"]
[BlackFideId "2606771"]
[WhiteElo "2649"]
[BlackElo "2561"]
[Result "0-1"]
[Round "08"]
[TimeControl "180+2"]
[Date "2023.05.31"]
[WhiteClock "0:00:02"]
[BlackClock "0:00:05"]

1. d4 Nf6 2. c4 e6 3. Nc3 Bb4 4. e3 O-O 5. Bd3 c5 6. Nf3 d5 7. O-O dxc4 8. Bxc4 Nbd7 9. a3 Bxc3 10. bxc3 b6 11. Re1 Bb7 12. Bd3 Ne4 13. Qc2 Ndf6 14. c4 Rc8 15. a4 Qc7 16. Bb2 Rfd8 17. Rac1 h6 18. Ne5 Nd6 19. f3 Ba6 20. Qf2 Qe7 21. Qg3 Nh5 22. Qg4 Nf6 23. Qh4 Rc7 24. dxc5 bxc5 25. Bc3 Rdc8 26. Qg3 Nh5 27. Qh3 Nf6 28. e4 Rb7 29. Red1 Rb3 30. Bf1 Nde8 31. Qg3 Qc7 32. Qe1 Qe7 33. Qd2 Rb6 34. a5 Rd6 35. Qb2 Rxd1 36. Rxd1 Qc7 37. Qa2 Nd6 38. Qd2 Rd8 39. Qe1 Rb8 40. Qd2 Rd8 41. Qc2 Rb8 42. Qa4 Rc8 43. Ba1 Bb7 44. a6 Ba8 45. Bc3 Rb8 46. Qa5 Qxa5 47. Bxa5 Nfe8 48. Nd7 Rc8 49. Bc3 Rc6 50. Rb1 Rxa6 51. Rb8 Bc6 52. Nxc5 Ra3 53. Bb2 Ra2 54. e5 Nf5 55. Nd3 a5 0-1


[Site "https://www.chess.com"]

[Event "Titled Tuesday Blitz May 30 Late 2023"]
[White "Muradli, Mahammad"]
[Black "Thomforde-Toates, Noah"]
[WhiteFideId "13409301"]
[BlackFideId "30951992"]
[WhiteElo "2558"]
[BlackElo "2763"]
[Result "1-0"]
[Round "08"]
[TimeControl "180+2"]
[Date "2023.05.31"]
[WhiteClock "0:00:57"]
[BlackClock "0:00:35"]

1. d4 Nf6 2. c4 g6 3. Nc3 Bg7 4. e4 d6 5. Be2 O-O 6. Be3 c5 7. d5 e6 8. Nf3 exd5 9. cxd5 Re8 10. Nd2 Na6 11. Bxa6 bxa6 12. f3 Bd7 13. O-O Rb8 14. Qc2 Bb5 15. Rfe1 Nh5 16. a4 Bd7 17. Nc4 Qe7 18. g4 Nf6 19. Bf4 Nxg4 20. fxg4 Bxg4 21. Qg2 Bd4+ 22. Kh1 Qh4 23. Bxd6 Qh5 24. Rf1 Rb3 25. Bg3 Bh3 26. Qf3 Bxf1 27. Qxh5 gxh5 28. Rxf1 Bxc3 29. bxc3 Rxe4 30. Nd2 1-0


[Site "https://www.chess.com"]

[Event "Titled Tuesday Blitz May 30 Late 2023"]
[White "Bayo Milagro, Alvaro"]
[Black "Xiong, Jeffery"]
[WhiteFideId "22275240"]
[BlackFideId "2047640"]
[WhiteElo "2270"]
[BlackElo "2726"]
[Result "0-1"]
[Round "08"]
[TimeControl "180+2"]
[Date "2023.05.31"]
[WhiteClock "0:00:01"]
[BlackClock "0:00:45"]

1. Nf3 d5 2. c4 d4 3. b4 Bg4 4. d3 Bxf3 5. exf3 e6 6. a3 a5 7. b5 Nd7 8. g3 Ngf6 9. Bg2 Nc5 10. O-O Be7 11. f4 O-O 12. a4 Rc8 13. Ba3 c6 14. Qc2 Nfd7 15. Nd2 cxb5 16. axb5 Qc7 17. Nb3 Nxb3 18. Qxb3 Bxa3 19. Qxa3 b6 20. Qb2 Qd6 21. Rfe1 Nc5 22. Qc2 Rfe8 23. Re2 Re7 24. Rae1 g6 25. h4 Ra7 26. h5 Kg7 27. Bf3 Qe7 28. Kg2 Qf6 29. Re5 Nd7 30. R5e2 Qf5 31. hxg6 hxg6 32. Bc6 Nc5 33. Be4 Qf6 34. Bc6 Rh8 35. Re5 Qd8 36. Rh1 Rxh1 37. Kxh1 Qd6 38. Kg2 a4 39. Re1 Re7 40. Qd2 e5 41. fxe5 Rxe5 42. Rh1 Qf6 43. Qh6+ Kg8 44. Qh7+ Kf8 45. Qh6+ Ke7 46. Qd2 Qf5 47. Rh8 Nxd3 48. Re8+ Kf6 49. Rxe5 Kxe5 50. f4+ Kd6 51. Qe2 Nc5 52. Qe8 Qc2+ 53. Kh3 Qxc4 54. Qf8+ Ke6 55. Qe8+ Kf6 56. Qd8+ Kg7 0-1


[Site "https://www.chess.com"]

[Event "Titled Tuesday Blitz May 30 Late 2023"]
[White "Sarana, Alexey"]
[Black "Gubajdullin, Alexei"]
[WhiteFideId "24133795"]
[BlackFideId "4141202"]
[WhiteElo "2714"]
[BlackElo "2279"]
[Result "1-0"]
[Round "08"]
[TimeControl "180+2"]
[Date "2023.05.31"]
[WhiteClock "0:00:14"]
[BlackClock "0:00:01"]

1. e4 g6 2. d4 Bg7 3. Nc3 d6 4. f4 c6 5. Nf3 Bg4 6. Be3 Qb6 7. Qd2 Bxf3 8. gxf3 Nf6 9. O-O-O d5 10. f5 gxf5 11. Rg1 Bf8 12. e5 Nfd7 13. e6 fxe6 14. Bf4 e5 15. Na4 Qc7 16. dxe5 e6 17. Bg5 b5 18. Nc3 b4 19. Ne2 Bg7 20. Nd4 Qxe5 21. Qf2 Nf8 22. f4 Qd6 23. Be2 Kd7 24. Bf3 Kc7 25. Bd8+ Qxd8 26. Rxg7+ Nbd7 27. Qe3 Qf6 28. Rdg1 Re8 29. Nb3 Kb8 30. Na5 e5 31. Qb3 Qd6 32. Qxb4+ Qxb4 33. Nxc6+ Kc8 34. Nxb4 exf4 35. Nxd5 Ne6 36. Re7 Nd4 37. Bh5 Rxe7 38. Nxe7+ Kc7 39. Nd5+ Kd6 40. Nxf4 Ke5 41. Nd3+ Kf6 42. Rf1 Ne5 43. Nf4 Rc8 44. c3 Ne6 45. Nd5+ Kg5 46. Bd1 f4 47. h4+ Kxh4 48. Nxf4 Nxf4 49. Rxf4+ Kg5 50. Re4 Re8 51. Kd2 h5 52. Ke2 h4 53. Kf1 Rf8+ 54. Kg2 1-0


[Site "https://www.chess.com"]

[Event "Titled Tuesday Blitz May 30 Late 2023"]
[White "Kramnik, Vladimir"]
[Black "Martinez Ramirez, Lennis"]
[WhiteFideId "4101588"]
[BlackFideId "3509079"]
[WhiteElo "2703"]
[BlackElo "2410"]
[Result "1-0"]
[Round "08"]
[TimeControl "180+2"]
[Date "2023.05.31"]
[WhiteClock "0:00:03"]
[BlackClock "0:00:07"]

1. e4 c5 2. Nf3 Nc6 3. Bb5 g6 4. Nc3 Bg7 5. d3 Nd4 6. Bc4 e6 7. h4 h6 8. Bf4 a6 9. Nxd4 cxd4 10. Ne2 d5 11. Bb3 Ne7 12. Qd2 a5 13. a3 a4 14. Ba2 e5 15. Bg3 Be6 16. O-O-O O-O 17. Kb1 Ra6 18. Nc1 Rb6 19. f4 dxe4 20. dxe4 Bxa2+ 21. Nxa2 exf4 22. Bxf4 d3 23. c3 Nc6 24. Qxd3 Qf6 25. Qd6 Re8 26. Qxf6 Bxf6 27. Rde1 h5 28. g3 Rb5 29. Rhf1 Be5 30. Nb4 Nxb4 31. axb4 Rb6 32. Ka2 Rbe6 33. Ka3 b5 34. Bxe5 Rxe5 35. c4 bxc4 36. Rf6 Rxe4 37. Rxe4 Rxe4 38. b5 Re3+ 39. Kxa4 Rxg3 40. b6 Rb3 41. Ka5 Rxb2 42. Rc6 Ra2+ 43. Kb5 Rb2+ 44. Kxc4 Kg7 45. Kc5 g5 46. hxg5 h4 47. Rh6 Rg2 48. Rxh4 Rxg5+ 49. Kc6 Rg2 50. b7 Rb2 51. Rh5 Rc2+ 52. Kb6 Rb2+ 53. Rb5 Re2 54. b8=Q Re6+ 55. Kc5 Kf6 56. Kd5 Ke7 57. Rb7+ Kf6 58. Qf4+ Kg6 59. Qxf7+ Kg5 60. Qxe6 Kh5 61. Rg7 Kh4 62. Qh6# 1-0


[Site "https://www.chess.com"]

[Event "Titled Tuesday Blitz May 30 Late 2023"]
[White "Goryachkina, Aleksandra"]
[Black "Lazavik, Denis"]
[WhiteFideId "4147103"]
[BlackFideId "13515110"]
[WhiteElo "2471"]
[BlackElo "2560"]
[Result "0-1"]
[Round "08"]
[TimeControl "180+2"]
[Date "2023.05.31"]
[WhiteClock "0:00:02"]
[BlackClock "0:00:26"]

1. d4 f5 2. Nc3 Nf6 3. Bg5 d6 4. e3 e6 5. Bd3 Be7 6. Nf3 O-O 7. O-O Nc6 8. a3 d5 9. Ne2 h6 10. Bxf6 Bxf6 11. c4 Ne7 12. Rc1 c6 13. b4 Bd7 14. Qb3 Be8 15. b5 g5 16. cxd5 cxd5 17. Ne5 Bxe5 18. dxe5 Ng6 19. Qb2 Qb6 20. a4 Bd7 21. Qd4 Rfc8 22. g3 Qxd4 23. Nxd4 Nxe5 24. Be2 g4 25. Kg2 Kf7 26. h3 h5 27. f4 Ng6 28. hxg4 hxg4 29. Rh1 Kg7 30. Kf2 Ne7 31. Bd3 Ng8 32. Nb3 b6 33. Nd4 Nf6 34. Kg2 Ne8 35. Kf2 Nd6 36. Kg2 Rc5 37. Nb3 Rxc1 38. Rxc1 Rc8 39. Rxc8 Bxc8 40. Kf2 Kf6 41. Nd4 Bd7 42. Ke2 Ne8 43. Kd2 Ke7 44. Kc3 Kd6 45. Nb3 Nf6 46. Nc1 Nh5 47. Ne2 Kc5 48. Bc2 Bc8 49. Bd3 Ng7 50. Nc1 Ne8 51. Nb3+ Kd6 52. Nd4 Bd7 53. Ne2 Nf6 54. Kd4 Bc8 55. Kc3 Nd7 56. Kd4 Nc5 57. Nc3 Nb3# 0-1


[Site "https://www.chess.com"]

[Event "Titled Tuesday Blitz May 30 Late 2023"]
[White "Sun, Rick"]
[Black "Paravyan, David"]
[WhiteFideId "30909481"]
[BlackFideId "4194985"]
[WhiteElo "2169"]
[BlackElo "2563"]
[Result "1-0"]
[Round "08"]
[TimeControl "180+2"]
[Date "2023.05.31"]
[WhiteClock "0:00:17"]
[BlackClock "0:00:07"]

1. e4 c5 2. Nf3 d6 3. d4 cxd4 4. Nxd4 Nf6 5. Nc3 a6 6. Bg5 e6 7. f3 Be7 8. Qd2 b5 9. Bd3 Bb7 10. O-O-O b4 11. Nce2 Qa5 12. Nb3 Qb6 13. Be3 Qc7 14. g4 Nc6 15. g5 Nd7 16. f4 Nc5 17. Kb1 Na5 18. Qxb4 Naxb3 19. axb3 a5 20. Qd4 O-O 21. Nc3 Rfc8 22. h4 a4 23. b4 Nxd3 24. Rxd3 a3 25. b3 a2+ 26. Kb2 e5 27. fxe5 dxe5 28. Qd7 Bxb4 29. Qxc7 Rxc7 30. Nd5 a1=Q+ 31. Rxa1 Bxd5 32. Rxa8+ Bxa8 33. Rd8+ Bf8 34. Rxa8 f6 35. gxf6 Kf7 36. fxg7 Bxg7 37. Ra7 Rxa7 38. Bxa7 h5 39. Bf2 Bf6 40. c4 Ke6 41. Kc3 Kd6 42. b4 Kc6 43. b5+ Kb7 44. Kb4 Be7+ 45. c5 Kc7 46. Kc4 1-0


[Site "https://www.chess.com"]

[Event "Titled Tuesday Blitz May 30 Late 2023"]
[White "Rosen, Eric"]
[Black "Moroni, Luca Jr"]
[WhiteFideId "2032562"]
[BlackFideId "865834"]
[WhiteElo "2331"]
[BlackElo "2569"]
[Result "1-0"]
[Round "08"]
[TimeControl "180+2"]
[Date "2023.05.31"]
[WhiteClock "0:00:06"]
[BlackClock "0:00:18"]

1. d4 g5 2. Bxg5 Bg7 3. Nf3 c5 4. e3 Qb6 5. Nbd2 cxd4 6. exd4 Nc6 7. Nc4 Qc7 8. c3 d5 9. Ne3 Be6 10. Bh4 Nf6 11. Bd3 Bh6 12. Bg3 Bf4 13. Qb3 O-O-O 14. O-O-O Ng4 15. Rhe1 Nxe3 16. Bxf4 Qxf4 17. fxe3 Qc7 18. Rd2 Bg4 19. Rf2 Bxf3 20. gxf3 e6 21. Kb1 Rhg8 22. Qc2 h6 23. Rg2 Ne7 24. Reg1 Qxh2 25. Rxh2 Rxg1+ 26. Qc1 Rxc1+ 27. Kxc1 Rh8 28. Kd2 Kd7 29. Ke2 Kd6 30. Rh5 f6 31. e4 e5 32. Ke3 Ng6 33. Rf5 Ke7 34. exd5 Nh4 35. Rh5 Ng2+ 36. Kd2 Nf4 37. Rh2 exd4 38. c4 Kd6 39. b4 h5 40. Rh4 Ke5 41. Be4 Ng2 42. Rh2 Ne3 43. Kd3 f5 44. f4+ Kxf4 45. Bh1 Ng4 46. Re2 a5 47. Kxd4 axb4 48. c5 h4 49. d6 h3 50. Bxb7 h2 51. Bh1 Kg3 52. c6 f4 53. Rg2+ Kh3 54. Rxg4 Kxg4 55. c7 f3 56. d7 f2 57. c8=Q f1=Q 58. d8=Q+ Kg3 59. Qcc7+ Kf2 60. Qf7+ Kg1 61. Qxf1+ Kxf1 62. Qxh8 1-0


[Site "https://www.chess.com"]

[Event "Titled Tuesday Blitz May 30 Late 2023"]
[White "Domingo Nunez, Ruben"]
[Black "Zhigalko, Sergei"]
[WhiteFideId "22245570"]
[BlackFideId "13502956"]
[WhiteElo "2404"]
[BlackElo "2626"]
[Result "0-1"]
[Round "08"]
[TimeControl "180+2"]
[Date "2023.05.31"]
[WhiteClock "0:01:05"]
[BlackClock "0:01:59"]

1. Nf3 d5 2. d4 e6 3. e3 Nf6 4. Be2 b6 5. O-O Bb7 6. c4 Bd6 7. Nc3 Nbd7 8. b3 O-O 9. Bb2 a6 10. Rc1 Qe7 11. h3 Rfe8 12. Qc2 Rac8 13. Rfd1 h6 14. Qb1 c5 15. dxc5 bxc5 16. Na4 Ne4 17. Nc3 Ndf6 18. Nxe4 Nxe4 19. Be5 Bxe5 20. Nxe5 Qf6 21. Nf3 Nc3 22. Qc2 Nxd1 23. Qxd1 Red8 24. Qe1 d4 25. exd4 cxd4 26. Rd1 d3 27. Bxd3 Bxf3 28. gxf3 Qxf3 29. Qe3 Qxd1+ 0-1


[Site "https://www.chess.com"]

[Event "Titled Tuesday Blitz May 30 Late 2023"]
[White "Petrosyan, Manuel"]
[Black "Korchmar, Vasiliy"]
[WhiteFideId "13300857"]
[BlackFideId "24131750"]
[WhiteElo "2576"]
[BlackElo "2370"]
[Result "0-1"]
[Round "08"]
[TimeControl "180+2"]
[Date "2023.05.31"]
[WhiteClock "0:00:15"]
[BlackClock "0:00:19"]

1. e4 c5 2. Nf3 d6 3. d4 cxd4 4. Nxd4 Nf6 5. Nc3 Nc6 6. Bc4 Qb6 7. Nxc6 bxc6 8. O-O g6 9. Bb3 Bg7 10. Be3 Qc7 11. f3 O-O 12. Qd2 Rb8 13. Rad1 c5 14. Qd3 Rb4 15. Bc4 Rxb2 16. Bb3 Qc6 17. Na4 Ba6 18. c4 Rxa2 19. Bxa2 Qxa4 20. Bb3 Qc6 21. e5 dxe5 22. Ra1 e4 23. Qe2 exf3 24. Qxf3 Qb6 25. Rfb1 Bb7 26. Qe2 Ne4 27. Bc2 Nc3 28. Qf2 Nxb1 29. Rxb1 Qc6 30. Bxc5 a5 31. Bxe7 Bd4 0-1


[Site "https://www.chess.com"]

[Event "Titled Tuesday Blitz May 30 Late 2023"]
[White "Saveliev, Alexei"]
[Black "Hambleton, Aman"]
[WhiteFideId "24128546"]
[BlackFideId "2606577"]
[WhiteElo "2271"]
[BlackElo "2511"]
[Result "1-0"]
[Round "08"]
[TimeControl "180+2"]
[Date "2023.05.31"]
[WhiteClock "0:00:15"]
[BlackClock "0:00:01"]

1. c4 c5 2. Nc3 b6 3. e3 Bb7 4. d4 cxd4 5. exd4 e6 6. d5 Bb4 7. Nf3 Nf6 8. Bg5 h6 9. Bh4 Na6 10. Be2 Nc5 11. O-O Bxc3 12. bxc3 Nce4 13. Bd3 g5 14. Bxe4 gxh4 15. Re1 Nxe4 16. Rxe4 h3 17. Qd4 Rg8 18. g3 Qe7 19. a4 Rc8 20. Rae1 Kf8 21. Rf4 Rg7 22. Nh4 Kg8 23. Qxg7+ Kxg7 24. Nf5+ Kf8 25. Nxe7 Kxe7 26. Rh4 Rc5 27. Ree4 Kd6 28. Rxh3 f5 29. Rd4 Ra5 30. Rxh6 Kc7 31. Rh7 Rxa4 32. h4 e5 33. Rd1 Rxc4 34. h5 b5 35. h6 f4 36. Rg7 fxg3 37. fxg3 Rxc3 38. h7 Rc2 39. h8=Q Bxd5 40. Rxd5 Rc1+ 41. Kf2 Rh1 42. Qxh1 1-0


[Site "https://www.chess.com"]

[Event "Titled Tuesday Blitz May 30 Late 2023"]
[White "Mekhitarian, Krikor Sevag"]
[Black "Lopez Mulet, Inigo"]
[WhiteFideId "2107660"]
[BlackFideId "22235620"]
[WhiteElo "2604"]
[BlackElo "2289"]
[Result "0-1"]
[Round "08"]
[TimeControl "180+2"]
[Date "2023.05.31"]
[WhiteClock "0:00:07"]
[BlackClock "0:01:12"]

1. Nf3 d5 2. c4 c6 3. d4 Nf6 4. e3 Bf5 5. Nc3 e6 6. Nh4 Bg4 7. Qb3 Qb6 8. h3 Bh5 9. g4 Bg6 10. Nxg6 hxg6 11. Bg2 Nbd7 12. g5 Nh5 13. h4 Be7 14. Bd2 O-O 15. O-O-O Rfc8 16. Kb1 a5 17. Qxb6 Nxb6 18. c5 Nd7 19. Ne2 b6 20. cxb6 Nxb6 21. f4 Nc4 22. Bc1 a4 23. Rd3 c5 24. e4 dxe4 25. Bxe4 Rab8 26. d5 Nd6 27. Bf3 c4 28. Rdd1 c3 29. Ka1 cxb2+ 30. Bxb2 Nc4 31. Bd4 Na3 32. Rd2 Rc2 33. Rhd1 Rxd2 0-1


[Site "https://www.chess.com"]

[Event "Titled Tuesday Blitz May 30 Late 2023"]
[White "Eugene, Floryan"]
[Black "Pulpan, Jakub"]
[WhiteFideId "20694784"]
[BlackFideId "302759"]
[WhiteElo "2369"]
[BlackElo "2484"]
[Result "1-0"]
[Round "08"]
[TimeControl "180+2"]
[Date "2023.05.31"]
[WhiteClock "0:00:20"]
[BlackClock "0:00:01"]

1. b3 a5 2. a4 e5 3. Bb2 d6 4. e3 g6 5. d4 exd4 6. Qxd4 f6 7. Nc3 Bg7 8. Nd5 Nc6 9. Bb5 Kf8 10. Qd2 Be6 11. Ne2 Nge7 12. Ndf4 Bf7 13. O-O-O Nb4 14. h4 c6 15. Bd3 h5 16. f3 Qd7 17. g4 hxg4 18. fxg4 d5 19. h5 Nxd3+ 20. Nxd3 gxh5 21. gxh5 Rxh5 22. Rxh5 Bxh5 23. Rg1 Bf7 24. Nef4 Qf5 25. Qg2 Qg5 26. Qh2 Qh6 27. Qg3 Qg5 28. Qf2 Qf5 29. Nc5 Bh6 30. Qh4 Bxf4 31. exf4 Ng6 32. Qh6+ Kg8 33. Kb1 b6 34. Nb7 1-0


[Site "https://www.chess.com"]

[Event "Titled Tuesday Blitz May 30 Late 2023"]
[White "ElDivis"]
[Black "Panesar Vedant"]
[BlackFideId "35033018"]
[WhiteElo "2564"]
[BlackElo "2347"]
[Result "0-1"]
[Round "08"]
[TimeControl "180+2"]
[Date "2023.05.31"]
[WhiteClock "0:00:04"]
[BlackClock "0:00:21"]

1. e4 e5 2. Nf3 Nc6 3. Bc4 Bc5 4. d3 Nf6 5. Nc3 a6 6. Nd5 h6 7. Be3 Bxe3 8. Nxe3 O-O 9. g4 d6 10. Rg1 Be6 11. g5 hxg5 12. Nxg5 Bxc4 13. dxc4 Ne7 14. Qf3 Ng6 15. O-O-O b5 16. Nd5 bxc4 17. Qh3 Re8 18. Rg3 c6 19. Nxf7 Kxf7 20. Rdg1 cxd5 21. Rxg6 Rg8 22. Qg3 Qf8 23. exd5 Ra7 24. f4 Re7 25. fxe5 Rxe5 26. Qc3 Qe7 27. a4 Re3 28. Qb4 c3 29. bxc3 Re1+ 30. Kb2 Rxg1 31. Rxg1 Qc7 32. Kc1 Rb8 33. Qa3 Qb6 34. Rg3 Qb1+ 35. Kd2 Ne4+ 36. Kd3 Nxg3 37. hxg3 Qf1+ 38. Kd2 Qf2+ 0-1


[Site "https://www.chess.com"]

[Event "Titled Tuesday Blitz May 30 Late 2023"]
[White "Matinian, Nikita"]
[Black "Moral Garcia, Serafin"]
[WhiteFideId "24129100"]
[BlackFideId "2201925"]
[WhiteElo "2422"]
[BlackElo "2274"]
[Result "0-1"]
[Round "08"]
[TimeControl "180+2"]
[Date "2023.05.31"]
[WhiteClock "0:00:02"]
[BlackClock "0:00:18"]

1. e4 e5 2. Nf3 Nf6 3. Nxe5 d6 4. Nf3 Nxe4 5. Qe2 Qe7 6. d3 Nf6 7. Bg5 Qxe2+ 8. Bxe2 Be7 9. Nc3 c6 10. O-O-O d5 11. Rde1 Be6 12. Nd4 O-O 13. f4 Re8 14. Nxe6 fxe6 15. Bf3 Bf8 16. Re2 Nbd7 17. Rhe1 Kf7 18. Nd1 Bd6 19. g3 e5 20. Bxf6 Kxf6 21. Bg4 Rad8 22. Bxd7 Rxd7 23. fxe5+ Rxe5 24. Ne3 Kg6 25. Kd2 Rde7 26. c3 Re8 27. a4 Rf8 28. Ng2 Rxe2+ 29. Rxe2 Kf7 30. Rf2+ Ke7 31. Rxf8 Kxf8 32. Ke3 Kf7 33. Kf3 Ke6 34. h4 a6 35. g4 b5 36. axb5 axb5 37. Ne3 g6 38. Nc2 Bc5 39. d4 Be7 40. g5 Kf5 41. Ne3+ Ke6 42. b4 Bf8 43. Ng4 Bd6 44. Ne3 Bf8 45. Nf1 h5 46. Ne3 Bd6 47. Ng2 Bc7 48. Ne1 Bd6 49. Nd3 Kf5 50. Nc1 Ke6 51. Nb3 Bc7 52. Nc5+ Kf5 53. Nd7 Bf4 54. Nf6 Bd2 55. Nd7 Bxc3 56. Ne5 Bxb4 57. Nxc6 Bd6 58. Na7 b4 59. Nb5 Be7 60. Nc7 b3 61. Nxd5 b2 62. Nc3 Bb4 63. Nb1 Be1 64. d5 Bxh4 65. Nc3 Bxg5 66. d6 Ke6 0-1


[Site "https://www.chess.com"]

[Event "Titled Tuesday Blitz May 30 Late 2023"]
[White "reevecanada"]
[Black "Tristan, Leonardo"]
[BlackFideId "113816"]
[WhiteElo "2496"]
[BlackElo "2461"]
[Result "1-0"]
[Round "08"]
[TimeControl "180+2"]
[Date "2023.05.31"]
[WhiteClock "0:00:13"]
[BlackClock "0:00:02"]

1. e4 d5 2. exd5 Qxd5 3. Nc3 Qa5 4. d4 Nf6 5. a3 Ne4 6. Ne2 g6 7. Bd2 Nxd2 8. Qxd2 Bg7 9. h4 h5 10. O-O-O Bh6 11. Nf4 Qf5 12. g3 Bxf4 13. gxf4 Qf6 14. Bd3 Nc6 15. Nb5 Kd8 16. Qe3 a6 17. Nc3 Bg4 18. f3 Bf5 19. Be4 Qd6 20. d5 Nb8 21. Qd4 Re8 22. Bxf5 gxf5 23. Rhg1 Nd7 24. Rg5 e6 25. Rxh5 c6 26. Rh7 cxd5 27. Rxf7 Rc8 28. h5 Re7 29. Rg7 Rxg7 30. Qxg7 Qe7 31. Qg6 Qf6 32. Qg3 Ke7 33. Rxd5 Rxc3 34. Rxd7+ Kxd7 35. bxc3 Qxc3 36. h6 Qxa3+ 37. Kd2 Qb4+ 38. Ke2 Qc4+ 39. Ke1 Qc3+ 40. Kf1 Qc4+ 41. Kg1 Qd4+ 42. Kh2 Qd2+ 43. Kh3 Qd1 44. Qg2 Qd4 45. Qg7+ 1-0


[Site "https://www.chess.com"]